 Dungeon Crawl Stone Soup version 0.28.0-53-g5a82cb258f (webtiles) character file.

Game seed: 15692418119409927518

2980 DocClef the Grappler (level 9, -1/79 HPs)
             Began as a Palentonga Fighter on June 25, 2022.
             Was an Initiate of Elyvilon.
             Engulfed by a cloud of steam (4 damage)
             ... on level 7 of the Dungeon.
             The game lasted 00:11:51 (7536 turns).

DocClef the Grappler (Palentonga Fighter)           Turns: 7536, Time: 00:11:52

Health: -1/79      AC: 13    Str: 29    XL:     9   Next: 53%
Magic:  0/9        EV:  8    Int: 10    God:    Elyvilon [......]
Gold:   315        SH:  4    Dex: 12    Spells: 8/8 levels left

rFire   . . .      SeeInvis +     - Unarmed
rCold   . . .      Faith    .   b - +0 buckler
rNeg    . . .      Spirit   +   n - +4 ring mail "Tobeng" {Dex+3}
rPois   .          Reflect  .   (no helmet)
rElec   .          Harm     .   v - +0 cloak
rCorr   .          Rampage  .   w - +1 pair of gloves
Will    .....                   (no barding)
Stlth   +.........              p - amulet of guardian spirit
HPRegen 0.23/turn               i - +6 ring of strength
MPRegen 0.11/turn               (no ring)

@: studying Slings
A: large, rugged brown scales 3, see invisible, deformed body, roll 1, armoured
tail, reflexive curl, hooves 1, robust 1
a: Rolling Charge, Renounce Religion


You were on level 7 of the Dungeon.
You worshipped Elyvilon.
Elyvilon was noncommittal.
You visited 2 branches of the dungeon, and saw 8 of its levels.

You collected 315 gold pieces.

Inventory:

Armour
 b - a +0 buckler (worn)
 g - a +0 chain mail
 n - the +4 ring mail "Tobeng" (worn) {Dex+3}
   (You found it on level 4 of the Dungeon)

   Dex:       It affects your dexterity (+3).
 v - a +0 cloak (worn)
 w - a +1 pair of gloves (worn)
Jewellery
 i - a +6 ring of strength (left hand)
 p - an amulet of guardian spirit (around neck)
 y - a ring of magical power
Wands
 k - a wand of polymorph (10)
 q - a wand of iceblast (2)
Scrolls
 d - a scroll of immolation {unknown}
 f - 6 scrolls of identify {unknown}
 h - 7 scrolls of teleportation {unknown}
 j - a scroll of torment {unknown}
 o - a scroll of amnesia {unknown}
 r - 2 scrolls of blinking {unknown}
 u - a scroll of silence {unknown}
Potions
 a - a potion of mutation
 e - a potion of attraction
 l - 3 potions of curing
 m - a potion of magic {unknown}
 s - a potion of invisibility {unknown}
 t - a potion of lignification {unknown}


   Skills:
 - Level 5.1 Fighting
 - Level 2.4 Armour
 - Level 2.4 Shields
 + Level 12.7 Unarmed Combat


You had 8 spell levels left.
You didn't know any spells.
Your spell library contained the following spells:

 Spells                   Type           Power      Damage    Failure   Level
 Confusing Touch          Hex            0%         N/A       90%         3
 Yara's Violent Unravell  Hex/Tmut       0%         3d3       100%        5
 Conjure Ball Lightning   Conj/Air       0%         3x3d6     100%        6
 Enfeeble                 Hex            0%         N/A       100%        7
 Discord                  Hex            0%         N/A       100%        8
 Disjunction              Tloc           0%         N/A       100%        8


Dungeon Overview and Level Annotations

Branches:
Dungeon (7/15)             Temple (1/1) D:5

Altars:
Ashenzari
Dithmenos
Elyvilon
Fedhas
Kikubaaqudgha
Makhleb
Nemelex Xobeh
Okawaru
Qazlal
Sif Muna
Uskayaw
Vehumet
Xom
Yredelemnul
Zin
The Shining One

Shops:
D:4 ?   D:5 *


Innate Abilities, Weirdness & Mutations

You are completely covered in rugged brown scales. (AC +3, +7% HP)
You have supernaturally acute eyesight. (SInv)
Armour fits poorly on your strangely shaped body.
You can roll at nearby foes to attack.
You have a long armoured tail.
You curl defensively after being hit. (AC +7*)
You have large cloven feet.
You are robust. (+10% HP)


Message History

The killer bee stings you but does no damage.
The necrophage hits you but does no damage.
You block the killer bee's attack.
You pummel the necrophage!! Your kick misses the necrophage.
The necrophage is severely damaged.
The killer bee stings you but does no damage.
The necrophage hits you but does no damage.
The killer bee stings you.
You pummel the killer bee!!
You kill the killer bee!
The necrophage hits you.
You punch the necrophage!
You destroy the necrophage!
The steam dragon breathes steam at you. The ball of steam hits you!!
You are engulfed in a cloud of scalding steam.
* * * LOW HITPOINT WARNING * * *
The steam dragon bites you.
* * * LOW HITPOINT WARNING * * *
The steam dragon claws you.
* * * LOW HITPOINT WARNING * * *
Items here: ) †††.
It was a potion of curing.
You feel better.
You are engulfed in a cloud of scalding steam.
* * * LOW HITPOINT WARNING * * *
The steam dragon barely misses you. x2
You punch the steam dragon! Your kick misses the steam dragon.
The steam dragon is heavily wounded.
The steam dragon breathes steam at you. The ball of steam hits you!
* * * LOW HITPOINT WARNING * * *
You punch the steam dragon! You kick the steam dragon.
The steam dragon is almost dead.
You are engulfed in a cloud of scalding steam.
You closely miss the steam dragon.
You kick the steam dragon, but do no damage.
You tail-slap the steam dragon.
You kill the steam dragon!
You are engulfed in a cloud of scalding steam.
You die...

####.. #..#..≈
......###...###
...............
###......####.#
#..............# ###
..###.##.n####### #..
#. #..O.D...# ... #
##.#####§# #.# #.# #@#
#.# # #.# ##§## #.#.#
#.# ##.§.## ##.#.#
#.###..§..##. ##....#
#.......§....###.#.###
###......§..###.###.##
#.##...##.##.## ##.#
#.#######.###.###.##
##.# #.####.#.##


There were no monsters in sight!

Vanquished Creatures
  A cyclops (D:6)
  Grinder (D:6)
  Eustachio (D:6)
  A steam dragon (D:7)
  2 water moccasins
  2 sky beasts (D:6)
  An ice beast (D:5)
  3 black bears
  2 necrophages
  2 ogres (D:7)
  2 centaurs
  A gnoll sergeant (D:6)
  A scorpion (D:3)
  A water moccasin skeleton (D:4)
  4 killer bees (D:7)
  An electric eel (D:6)
  A hound (D:5)
  A centaur zombie (D:6)
  A bullfrog zombie (D:5)
  A bullfrog skeleton (D:6)
  An orc priest (D:6)
  A centaur skeleton (D:4)
  Jessica (D:2)
  3 iguanas
  3 orc wizards
  Natasha (thrice) (D:2)
  2 hound skeletons
  A gnoll (D:1)
  2 howler monkey skeletons (D:5)
  7 adders
  A shadow imp (D:6)
  2 worms
  A dart slug (D:3)
  7 orcs
  4 ball pythons
  2 endoplasms
  4 giant cockroaches
  6 goblins
  4 hobgoblins
  5 jackals (D:2)
  3 kobolds
  3 quokkas
  3 bats
  5 frilled lizards
  5 rats
109 creatures vanquished.

Vanquished Creatures (others)
  An adder (D:6)
  A plant (D:6)
2 creatures vanquished.

Grand Total: 111 creatures vanquished

Notes
Turn   | Place    | Note
-------+----------+-------------------------------------------
     0 | D:1      | DocClef the Palentonga Fighter began the quest for the Orb.
     0 | D:1      | Reached XP level 1. HP: 19/19 MP: 1/1
   353 | D:1      | Reached skill level 3 in Unarmed Combat
   353 | D:1      | Reached XP level 2. HP: 16/25 MP: 2/2
  1109 | D:1      | You fall into a shaft and drop 1 floor!
  1188 | D:2      | Noticed Natasha
  1199 | D:2      | Killed Natasha
  1200 | D:2      | Reached XP level 3. HP: 21/31 MP: 3/3
  1406 | D:2      | Noticed Natasha
  1416 | D:2      | Killed Natasha
  1417 | D:2      | Reached skill level 4 in Unarmed Combat
  1417 | D:2      | Reached XP level 4. HP: 37/37 MP: 4/4
  1526 | D:2      | Noticed Jessica
  1546 | D:2      | Killed Jessica
  2231 | D:2      | Reached skill level 5 in Unarmed Combat
  2326 | D:2      | Noticed Natasha
  2329 | D:2      | Killed Natasha
  2330 | D:2      | Reached XP level 5. HP: 40/43 MP: 5/5
  2927 | D:3      | Reached skill level 6 in Unarmed Combat
  3103 | D:3      | Found a faded altar of an unknown god.
  3143 | D:3      | Reached XP level 6. HP: 34/51 MP: 6/6
  3295 | D:4      | Identified the +4 ring mail "Tobeng" {Dex+3}
  3530 | D:4      | Found an ancient bone altar of Kikubaaqudgha.
  3656 | D:4      | Found a glowing golden altar of the Shining One.
  3689 | D:4      | Found Vukeru's Magic Scroll Boutique.
  3891 | D:5      | Entered Level 5 of the Dungeon
  3901 | D:5      | Reached skill level 5 in Fighting
  3970 | D:5      | Found a staircase to the Ecumenical Temple.
  4161 | D:5      | Found a broken altar of Ashenzari.
  4255 | D:5      | Noticed an ice beast
  4268 | D:5      | Killed an ice beast
  4269 | D:5      | Gained mutation: You curl defensively after being hit. (AC
                  | +7*) [Palentonga growth]
  4269 | D:5      | Reached XP level 7. HP: 31/59 MP: 3/7
  4430 | D:5      | Reached skill level 7 in Unarmed Combat
  4942 | D:5      | Found Jibaug's CLEARANCE SALE!.
  5228 | Temple   | Entered the Ecumenical Temple
  5491 | D:6      | Noticed Grinder
  5491 | D:6      | Paralysed by Grinder for 6 turns
  5493 | D:6      | Noticed Eustachio
  5500 | D:6      | Paralysed by Grinder for 4 turns
  5525 | D:6      | Reached skill level 8 in Unarmed Combat
  5548 | D:6      | Killed Grinder
  5549 | D:6      | Reached skill level 9 in Unarmed Combat
  5549 | D:6      | Reached XP level 8. HP: 42/66 MP: 4/8
  5552 | D:6      | Killed Eustachio
  5724 | D:6      | Found a sparkling altar of Nemelex Xobeh.
  5860 | D:6      | Found a white marble altar of Elyvilon.
  5924 | D:6      | Became a worshipper of Elyvilon the Healer
  5998 | D:6      | Reached skill level 10 in Unarmed Combat
  6313 | D:6      | Found a radiant altar of Vehumet.
  6940 | D:6      | Reached skill level 11 in Unarmed Combat
  6965 | D:6      | Reached XP level 9. HP: 59/72 MP: 5/9
  6968 | D:6      | Noticed a cyclops
  6977 | D:6      | Killed a cyclops
  7232 | D:7      | Reached skill level 12 in Unarmed Combat
  7520 | D:7      | Gained mutation: You are robust. (+10% HP) [potion of
                  | mutation]
  7520 | D:7      | Gained mutation: You have large cloven feet. [potion of
                  | mutation]
  7534 | D:7      | HP: 3/79 [steam dragon/ball of steam (13)]
  7536 | D:7      | Engulfed by a cloud of steam

Illustrated notes

Levels and vault maps discovered:
D:1:      dpeg_arrival_lava_temple_mockup, layout_basic, minmay_octomino_c4
D:2:      layout_loops_corners, chequers_serial_rivers_micro_c,
          palyth_stone_intersect, uniq_natasha, uniq_jessica
D:3:      layout_basic, dreamdust_ecumenical_altar_angels_and_demons,
          minmay_misc_feat_doors
D:4:      layout_cave_pools, lemuel_doored_altar,
          mainiacjoe_overflow_concentric_impassable, serial_shops, shop
D:5:      layout_loops_ring, nicolae_ashenzari_panopticon,
          minmay_temple_entry_from_below_b, nicolae_shop_clearance
D:6:      layout_loops_ring, nemelex_xobeh_ov_fountains_minmay,
          elyvilon_altar_1, kennysheep_mini_moat, serial_bayou_pond_b,
          minivault_24, chequers_serial_rivers_micro_c, hangedman_glass_teeth,
          minmay_manual_mullet, uniq_grinder, uniq_eustachio
D:7:      layout_loops_ring, mainiacjoe_overflow_paths,
          mainiacjoe_overflow_alcove_3
Temple:   compressed_dpeg_circular_temple

Skill      XL: |  1  2  3  4  5  6  7  8  9 |
---------------+----------------------------+-----
Unarmed Combat | 3 4 5 6 9 11 12 | 12.7
Fighting       | 5 |  5.1
Armour         | |  2.4
Shields        | |  2.4

Action                   |  1- 3 |  4- 6 |  7- 9 || total
-------------------------+-------+-------+-------++-------
Melee: Unarmed           |    61 |   197 |   191 ||   449
       Tailslap          |     5 |    28 |    29 ||    62
       Kick              |       |       |     3 ||     3
 Abil: Rolling Charge    |     1 |     3 |     4 ||     8
  Use: Potion            |       |     2 |     7 ||     9
Armor: Scale mail        |    14 |    41 |       ||    55
       Skin              |     1 |       |       ||     1
       Chain mail        |       |     3 |       ||     3
       Ring mail         |       |    29 |   124 ||   153
Dodge: Dodged            |     8 |    49 |    58 ||   115
Block: Buckler           |     8 |    23 |    38 ||    69
